 Dungeon Crawl Stone Soup version 0.23.2-33-g5129a83184 (webtiles) character file.

Game seed: 4526094516529589015

900 MaxwellSilver the Fighter (level 7, 0/69 HPs)
             Began as a Minotaur Fighter on July 23, 2019.
             Slain by a sky beast (2 damage)
             ... on level 5 of the Dungeon.
             The game lasted 00:06:45 (3894 turns).

MaxwellSilver the Fighter (Minotaur Fighter)        Turns: 3894, Time: 00:06:46

Health: 0/69       AC:  6    Str: 29    XL:     7   Next: 79%
Magic:  6/6        EV: 10    Int:  5    God:
Gold:   208        SH:  4    Dex: 10    Spells: 6/6 levels left

rFire    . . .     SeeInvis .   a - +0 rapier
rCold    . . .     Gourm    .   s - +0 buckler
rNeg     . . .     Faith    .   t - +0 scale mail of Baldness {+Inv +Fly Str+2}
rPois    .         Spirit   .   (helmet restricted)
rElec    .         Reflect  .   (no cloak)
rCorr    .         Harm     .   (no gloves)
MR       .....                  (no boots)
Stlth    ..........             (no amulet)
HPRegen  0.21/turn              (no ring)
MPRegen  0.10/turn              (no ring)

@: mighty
A: retaliatory headbutt, horns 2
a: Evoke Invisibility, Evoke Flight


You were on level 5 of the Dungeon.
You were not hungry.

You visited 1 branch of the dungeon, and saw 6 of its levels.

You collected 208 gold pieces.

Inventory:

Hand Weapons
 a - a +0 rapier (weapon)
 y - the +1 flail of Oxeakkio {flame, rC+}
   (You found it on level 5 of the Dungeon)

   It has been specially enchanted to burn those struck by it, causing extra
   injury to most foes and up to half again as much damage against particularly
   susceptible opponents.
   It protects you from cold.
Armour
 b - a +0 scale mail
 c - a +0 shield
 s - a +0 buckler (worn)
 t - the +0 scale mail of Baldness (worn) {+Inv +Fly Str+2}
   (You found it on level 4 of the Dungeon)

   It affects your strength (+2).
   It lets you turn invisible.
   It lets you fly.
Jewellery
 i - an uncursed ring of wizardry {unknown}
 w - an uncursed amulet of faith {unknown}
Scrolls
 g - a scroll of remove curse
 j - 5 scrolls of identify {unknown}
 k - a scroll of blinking {unknown}
 n - 3 scrolls of teleportation {unknown}
 p - 2 scrolls of fear {unknown}
 q - a scroll of immolation {unknown}
 v - 2 scrolls of fog {unknown}
 x - 2 scrolls of enchant weapon {unknown}
Potions
 d - 2 potions of might
 e - a potion of brilliance {unknown}
 h - a potion of magic
 l - 2 potions of agility
 m - a potion of heal wounds {unknown}
 o - a potion of ambrosia {unknown}
 r - a potion of invisibility {unknown}
 u - 2 potions of curing {unknown}
 z - a potion of resistance {unknown}
 A - a potion of haste {unknown}
Comestibles
 f - 3 rations


   Skills:
 + Level 8.3 Fighting
 + Level 7.1 Short Blades
 - Level 3.6 Armour
 - Level 4.0 Shields


You had 6 spell levels left.
You didn't know any spells.
Your spell library was empty.

Dungeon Overview and Level Annotations

Branches:
Dungeon (6/15)
 Temple: D:4-7

Altars:
Sif Muna
Wu Jian


Innate Abilities, Weirdness & Mutations

You reflexively headbutt those who attack you in melee.
You have a pair of horns on your head.


Message History

You puncture something! Your headbutt misses something.
You block something's attack. You block Dowan's attack.
Dowan hits you but does no damage.
Found an escape hatch in the ceiling.
You closely miss Dowan. You headbutt Dowan!
Dowan is severely wounded.
Dowan hits you but does no damage.
You impale Dowan!!
You kill Dowan!
Something hits you but does no damage.
You puncture something! Your headbutt misses something. Something hits you.
* * * LOW HITPOINT WARNING * * *
Something shocks you.
* * * LOW HITPOINT WARNING * * *
You miss something. Your headbutt misses something. Something hits you.
* * * LOW HITPOINT WARNING * * *
Something shocks you.
* * * LOW HITPOINT WARNING * * *
It was a potion of magic.
Magic courses through your body. Something hits you.
You die...

###.#.# #.# ....#.# #
#.### . #.# #. #.# .#
.. ..# # ####### .. ###
#####.....# ..
...<..).#.# #@#.#######
#. #.{........ #.#
###)###### #.# #.#
####.## #.# ......#
####.###.###.####...###
........#....##..[.....
####.###.######........
##.## #.......#


There were no monsters in sight!

Vanquished Creatures
  Duvessa (D:5)
  A sky beast (D:5)
  A phantom (D:3)
  Dowan (D:5)
  A scorpion (D:4)
  A hound (D:4)
  A jelly (D:5)
  An orc priest (D:3)
  Natasha (twice) (D:2)
  5 orc wizards
  A worker ant (D:3)
  2 hound skeletons
  A worker ant zombie (D:3)
  2 adders
  4 oozes
  2 adder skeletons
  3 worms
  2 dart slugs
  4 leopard geckos
  22 orcs
  6 giant cockroaches
  6 goblins
  7 hobgoblins
  6 jackals
  11 kobolds
  A quokka (D:5)
  2 ball pythons
  A bat (D:3)
  7 frilled lizards
  A jackal zombie (D:5)
  8 rats
114 creatures vanquished.

Vanquished Creatures (others)
  An orc wizard (D:3)
  A jackal (D:1)
2 creatures vanquished.

Grand Total: 116 creatures vanquished

Notes
Turn   | Place    | Note
-------+----------+-------------------------------------------
     0 | D:1      | MaxwellSilver the Minotaur Fighter began the quest for the
                  | Orb.
     0 | D:1      | Reached XP level 1. HP: 19/19 MP: 0/0
    10 | D:1      | Reached skill level 4 in Fighting
    10 | D:1      | Reached XP level 2. HP: 12/27 MP: 1/1
   359 | D:1      | Reached XP level 3. HP: 33/34 MP: 2/2
  1028 | D:2      | Found an ornate altar of the Wu Jian Council.
  1035 | D:2      | Noticed Natasha
  1047 | D:2      | Killed Natasha
  1047 | D:2      | Reached skill level 5 in Fighting
  1047 | D:2      | Reached XP level 4. HP: 8/42 MP: 3/3
  1484 | D:2      | Noticed Natasha
  1491 | D:2      | Killed Natasha
  1661 | D:3      | Found a faded altar of an unknown god.
  1781 | D:3      | Reached XP level 5. HP: 45/48 MP: 4/4
  1977 | D:3      | Found a deep blue altar of Sif Muna.
  2193 | D:3      | Noticed a phantom
  2209 | D:3      | Killed a phantom
  2209 | D:3      | Reached skill level 6 in Fighting
  2209 | D:3      | Reached skill level 5 in Short Blades
  2235 | D:3      | Reached XP level 6. HP: 40/57 MP: 5/5
  2610 | D:4      | Got a polished scale mail
  2635 | D:3      | Identified the +0 scale mail of Baldness {+Inv +Fly Str+2}
                  | (You found it on level 4 of the Dungeon)
  3071 | D:4      | Reached skill level 7 in Fighting
  3102 | D:4      | Reached XP level 7. HP: 66/66 MP: 6/6
  3235 | D:5      | Entered Level 5 of the Dungeon
  3341 | D:5      | Got a fine flail
  3404 | D:5      | Identified the cursed +1 flail of Oxeakkio {flame, rC+}
                  | (You found it on level 5 of the Dungeon)
  3868 | D:5      | Noticed Dowan
  3869 | D:5      | Noticed Duvessa
  3880 | D:5      | Killed Duvessa
  3880 | D:5      | Reached skill level 8 in Fighting
  3891 | D:5      | Killed Dowan
  3893 | D:5      | HP: 1/69 [something (6)]
  3894 | D:5      | Slain by a sky beast

Skill      XL: |  1  2  3  4  5  6  7 |
---------------+----------------------+-----
Fighting       | 4 5 6 7 8 |  8.3
Short Blades   | 3 4 5 6 7 |  7.1
Shields        | 4 |  4.0
Armour         | |  3.6

Action                   |  1- 3 |  4- 6 |  7- 9 || total
-------------------------+-------+-------+-------++-------
Melee: Rapier            |   105 |   162 |    76 ||   343
       Headbutt          |    14 |    34 |    11 ||    59
  Use: Potion            |       |       |     2 ||     2
       Scroll            |       |       |     1 ||     1
  Eat: Ration            |       |     1 |       ||     1
       Chunk             |       |     3 |     3 ||     6
Armor: Scale mail        |    34 |    61 |    33 ||   128
Dodge: Dodged            |    19 |    50 |    19 ||    88
Block: Shield            |    40 |    52 |       ||    92
       Buckler           |       |    12 |    11 ||    23
